 Dungeon Crawl Stone Soup version 0.31.0-10-gcf4a605ca0 (webtiles) character file.

Game seed: 573990949413611042

10335 Armakuni the Cruncher (level 11, 0/63 HPs)
             Began as a Deep Elf Gladiator on Jan 26, 2024.
             Was an Elder of Wu Jian.
             Slain by a two-headed ogre
             ... wielding a +0 giant spiked club
              (10 damage)
             ... on level 10 of the Dungeon.
             The game lasted 00:46:04 (11672 turns).

Armakuni the Cruncher (Deep Elf Gladiator)         Turns: 11672, Time: 00:46:04

Health: 0/63       AC: 15    Str: 21    XL:     11   Next: 34%
Magic:  14/20      EV: 13    Int: 14    God:    Wu Jian [****..]
Gold:   1144       SH:  5    Dex: 16    Spells: 1/19 levels left

rFire   . . .        a - +2 quarterstaff
rCold   . . .        (shield currently unavailable)
rNeg    . . .        e - +0 steam dragon scales
rPois   .            d - +0 helmet
rElec   .            u - +0 cloak
rCorr   .            z - +2 pair of gloves
SInv    .            g - +0 pair of boots
Will    +....        H - amulet of reflection
Stlth   +            A - +4 ring of protection
HPRegen 0.30/turn    V - +6 ring of strength
MPRegen 0.17/turn

%: reflection
@: confusing by touch, exhausted, very slightly contaminated
A: no striking features
a: Renounce Religion, Wall Jump, Serpent's Lash


You were on level 10 of the Dungeon.
You worshipped Wu Jian.
Wu Jian was greatly pleased with you.
You visited 2 branches of the dungeon, and saw 11 of its levels.
You also visited: Bailey.

You collected 1463 gold pieces.
You spent 319 gold pieces at shops.

Inventory:

Hand Weapons
 a - a +2 quarterstaff (weapon)
 b - the +6 spear "Vacve" {drain, Int+5}
   (You found it on level 9 of the Dungeon)

   Int+5:     It affects your intelligence (+5).
 n - a +0 shortbow
Missiles
 c - a throwing net
Armour
 d - a +0 helmet (worn)
 e - +0 steam dragon scales (worn)
 g - a +0 pair of boots (worn)
 u - a +0 cloak (worn)
 z - a +2 pair of gloves (worn)
Jewellery
 A - a +4 ring of protection (left hand)
 F - a ring of protection from fire
 G - an amulet of guardian spirit
 H - an amulet of reflection (around neck)
 L - a ring of flight
 M - a ring of willpower
 V - a +6 ring of strength (right hand)
 W - a ring of wizardry
Wands
 j - a wand of iceblast (3)
 k - a wand of digging (4)
 q - a wand of charming (3)
 s - a wand of quicksilver (2)
 v - a wand of flame (8)
Scrolls
 m - 2 scrolls of vulnerability
 o - 3 scrolls of fog
 r - a scroll of immolation
 x - a scroll of enchant armour
 y - 9 scrolls of teleportation
 D - a scroll of fear
 E - a scroll of revelation
 I - a scroll of blinking
Potions
 f - 3 potions of enlightenment
 i - a potion of invisibility
 l - 2 potions of heal wounds
 p - a potion of cancellation
 t - 2 potions of haste
 w - 2 potions of curing
 B - a potion of might {unknown}
 J - 2 potions of ambrosia
 X - 2 potions of mutation
Miscellaneous
 h - a sack of spiders


   Skills:
 - Level 5.0 Fighting
 - Level 11.5 Staves
 - Level 2.0 Throwing
 - Level 3.6 Dodging
 + Level 4.7 Spellcasting
 - Level 8.8 Hexes
 - Level 8.0 Necromancy
 + Level 2.8 Translocations
 - Level 8.0 Evocations


You had one spell level left.
You knew the following spells:

 Your Spells              Type           Power      Damage    Failure   Level
c - Confusing Touch       Hex            28%        N/A       1%          3
f - Fugue of the Fallen   Necr           25%        N/A       1%          3
l - Lesser Beckoning      Tloc           22%        N/A       9%          2
o - Teleport Other        Tloc           11%        N/A       17%         3
s - Slow                  Hex            100%       N/A       1%          1
z - Vampiric Draining     Necr           25%        2d7       1%          3
S - Sigil of Binding      Hex            28%        N/A       1%          3

Your spell library contained the following spells:

 Spells                   Type           Power      Damage    Failure   Level
 Ensorcelled Hibernation  Hex/Ice        30%        N/A       4%          2
 Anguish                  Hex/Necr       13%        N/A       5%          4
 Dazzling Flash           Conj/Hex       30%        N/A       9%          3
 Gell's Gravitas          Tloc           11%        N/A       17%         3
 Static Discharge         Conj/Air       6%         3-4/arc   26%         2
 Volatile Blastmotes      Fire/Tloc      14%        2d11      30%         3
 Stone Arrow              Conj/Erth      6%         3d7       47%         3
 Starburst                Conj/Fire      1%         6d3       100%        6
 Spellforged Servitor     Conj/Summ      1%         N/A       100%        7
 Maxwell's Capacitive Co  Air            1%         ∞         100%        8


Dungeon Overview and Level Annotations

Branches:
Dungeon (10/15)            Temple (1/1) D:7          Bailey (visited)
   Lair: D:8-11         Orc: D:9-12

Altars:
Ashenzari
Cheibriados
Dithmenos
Elyvilon
Fedhas
Gozag
Hepliaklqana
Kikubaaqudgha
Makhleb
Nemelex Xobeh
Okawaru
Qazlal
Ru
Sif Muna
Trog
Uskayaw
Vehumet
Wu Jian
Xom
Yredelemnul
Zin
The Shining One

Shops:
D:1 *   D:8 *


Message History

Magic restored.
You see here a vampire mosquito corpse.
You see here a +0 glaive.
You now have 1138 gold pieces (gained 8).
I - a scroll of blinking You now have 1144 gold pieces (gained 6).
C - 2 scrolls of identify (gained 1)
J - 2 puce potions
Found a flail.
Found 4 stones.
As you read the scroll of identify, it crumbles to dust.
p - a potion of cancellation
As you read the scroll of identify, it crumbles to dust.
J - 2 potions of ambrosia You see here a +0 flail.
You see here 4 stones.
A two-headed ogre comes into view.
It is wielding a +0 giant spiked club and a +0 giant club.
A two-headed ogre is nearby!
Casting: Confusing Touch (safe; 1% risk of failure)
Confirm with . or Enter, or press ? or * to list all spells.
You miscast Confusing Touch.
You are very lightly contaminated with residual magic.
Nothing appears to happen.
Casting: Confusing Touch (safe; 1% risk of failure)
Confirm with . or Enter, or press ? or * to list all spells.
Your hands begin to glow red.
Your muscles tense, ready for explosive movement...
Found 4 stones.
Found a stone staircase leading up.
You lunge with incredible momentum at the two-headed ogre.
You hit the two-headed ogre but do no damage.
Your supernatural speed expires.
You barely miss the two-headed ogre.
The two-headed ogre hits you with a +0 giant spiked club!!
The two-headed ogre hits you with a +0 giant club.
You hit the two-headed ogre but do no damage.
You hit the two-headed ogre but do no damage.
The two-headed ogre hits you with a +0 giant spiked club!!
* * * LOW HITPOINT WARNING * * *
The two-headed ogre hits you with a +0 giant club!
You die...

#.####.#############.# #.#
#.# #...............#
#.#####.#
#########.......###.......#
#.#####.....#...... #.#
#..##...##### ..# #..###..#
# #### #..###..##
#(..########..##....####
#<....O@°○....##........
#...#########.##.....### #
#.####.#.# #.# ###.# #.#
#.# #.# #.# #.# #.# #.# #.#
########.# #.#


You could see a two-headed ogre.

Vanquished Creatures
  A two-headed ogre (D:10)
  Maurice (D:9)
  A gargoyle (D:10)
  A troll (D:9)
  Grinder (D:4)
  A wraith (D:8)
  A wyvern (D:6)
  5 yaks
  Grum (Bailey)
  A steam dragon (D:9)
  Menkaure (D:6)
  4 vampire mosquitoes (D:10)
  2 acid dragons (D:9)
  2 water moccasins
  3 orc warriors
  3 sky beasts
  An ice beast (D:5)
  5 wolves (Bailey)
  A centaur (D:8)
  4 kobold brigands
  2 bullfrogs
  7 gnoll sergeants
  3 scorpions
  13 killer bees
  4 bombardier beetles
  4 howler monkeys
  2 jellies
  7 gnoll boudas
  2 orc priests
  9 hounds
  4 sleepcaps
  6 iguanas
  Ijyb (D:4)
  4 orc wizards
  20 gnolls
  8 adders
  An ufetubus (D:5)
  5 dart slugs
  3 ribbon worms
  33 orcs
  2 bats
  7 endoplasms
  A giant cockroach (D:4)
  16 goblins
  4 hobgoblins
  12 jackals
  6 quokkas
  8 ball pythons
  6 frilled lizards
  22 kobolds
  9 rats
  A spectral hobgoblin (D:1)
272 creatures vanquished.

Vanquished Creatures (collateral kills)
  2 two-headed ogres
  The ghost of Yehuk the Fighter, a novice GrFi of Okawaru (D:9)
  A wyvern (D:9)
  2 killer bees (D:9)
  A gnoll (Bailey)
7 creatures vanquished.

Vanquished Creatures (others)
  A gnoll bouda (Bailey)
1 creature vanquished.

Grand Total: 280 creatures vanquished

Notes
Turn   | Place    | Note
-------+----------+-------------------------------------------
     0 | D:1      | Armakuni the Deep Elf Gladiator began the quest for the
                  | Orb.
     0 | D:1      | Reached XP level 1. HP: 12/12 MP: 3/3
    23 | D:1      | Found a faded altar of an unknown god.
    90 | D:1      | Reached XP level 2. HP: 17/17 MP: 4/4
   177 | D:1      | Prayed at the altar of an unknown god.
   177 | D:1      | Became a worshipper of the Wu Jian Council
   177 | D:1      | Reached * piety under Wu Jian
   313 | D:1      | Reached XP level 3. HP: 22/22 MP: 5/5
   431 | D:1      | Found Bopid's General Store.
   440 | D:1      | Bought a scroll of identify for 22 gold pieces
  1036 | D:2      | Learned a level 2 spell: Lesser Beckoning
  1161 | D:2      | Reached ** piety under Wu Jian
  1199 | D:2      | Reached XP level 4. HP: 28/28 MP: 6/6
  2530 | D:3      | Reached XP level 5. HP: 33/33 MP: 7/7
  2576 | D:4      | Got the Catalogue of the Missiles
  2653 | D:4      | Noticed Grinder
  2784 | D:4      | Reached skill level 4 in Staves
  2826 | D:4      | Reached XP level 6. HP: 39/39 MP: 8/8
  2872 | D:4      | Reached *** piety under Wu Jian
  2902 | D:4      | Noticed Ijyb
  2926 | D:4      | Killed Ijyb
  3166 | D:5      | Entered Level 5 of the Dungeon
  3203 | D:5      | Reached skill level 5 in Fighting
  3216 | D:5      | Paralysed by Grinder for 3 turns
  3233 | D:4      | Killed Grinder
  3234 | D:4      | Reached skill level 5 in Staves
  3234 | D:4      | Reached XP level 7. HP: 19/44 MP: 9/9
  3486 | D:5      | Reached skill level 6 in Staves
  3540 | D:5      | Reached skill level 7 in Staves
  4003 | D:1      | Bought a wand of flame (10) for 77 gold pieces
  4003 | D:1      | Bought a scroll of immolation for 44 gold pieces
  4003 | D:1      | Bought a potion of haste for 110 gold pieces
  4003 | D:1      | Bought a potion of curing for 33 gold pieces
  4003 | D:1      | Bought a potion of curing for 33 gold pieces
  4084 | D:4      | Reached skill level 1 in Evocations
  4084 | D:4      | Reached XP level 8. HP: 46/49 MP: 10/10
  4704 | D:6      | Reached skill level 5 in Evocations
  5080 | D:6      | Noticed Menkaure
  5084 | D:6      | Killed Menkaure
  5958 | D:7      | Reached XP level 9. HP: 54/54 MP: 11/11
  5966 | D:7      | Reached **** piety under Wu Jian
  6108 | D:7      | Reached skill level 8 in Staves
  6268 | D:7      | Found a staircase to the Ecumenical Temple.
  6277 | Temple   | Entered the Ecumenical Temple
  6624 | D:7      | Reached skill level 9 in Staves
  7079 | D:8      | Found a flagged portal.
  7087 | Bailey   | Entered a bailey
  7390 | Bailey   | Reached skill level 10 in Staves
  7753 | Bailey   | Noticed Grum
  7762 | Bailey   | Killed Grum
  7763 | Bailey   | Reached skill level 11 in Staves
  7964 | Bailey   | Learned a level 3 spell: Fugue of the Fallen
  7966 | Bailey   | Learned a level 1 spell: Slow
  8090 | D:8      | Noticed a two-headed ogre
  8097 | D:8      | Killed a two-headed ogre
  8098 | D:8      | Reached skill level 1 in Necromancy
  8098 | D:8      | Reached XP level 10. HP: 26/59 MP: 11/15
  8227 | D:8      | Found Qiumorer's Neck Hole.
  8709 | D:8      | Identified the +0 ring mail of the Forest {rF+ rCorr Int-3
                  | SInv}
  9160 | D:8      | Learned a level 3 spell: Confusing Touch
  9164 | D:8      | Learned a level 3 spell: Sigil of Binding
  9168 | D:8      | Learned a level 3 spell: Teleport Other
  9426 | D:8      | Identified the +1 leather armour of Yfacvuibb {rF+ Str+2}
  9807 | D:9      | Reached skill level 5 in Hexes
  9812 | D:9      | Noticed Yehuk's ghost (novice GrFi)
  9813 | D:9      | Identified the +6 spear "Vacve" {drain, Int+5}
  9819 | D:9      | Found a runed translucent door.
  9863 | D:9      | Killed Yehuk's ghost
  9864 | D:9      | Reached skill level 5 in Necromancy
 10100 | D:9      | Found an ancient bone altar of Kikubaaqudgha.
 10502 | D:9      | Noticed a two-headed ogre
 10516 | D:9      | Killed a two-headed ogre
 10517 | D:9      | Reached XP level 11. HP: 60/63 MP: 17/17
 10805 | D:9      | Noticed a boulder beetle
 10997 | D:9      | Noticed Maurice
 11031 | D:9      | Something stole a ring of willpower
 11033 | D:9      | Killed Maurice
 11100 | D:10     | Entered Level 10 of the Dungeon
 11159 | D:10     | Noticed a two-headed ogre
 11169 | D:10     | Killed a two-headed ogre
 11170 | D:10     | Reached skill level 1 in Translocations
 11251 | D:10     | Learned a level 3 spell: Vampiric Draining
 11666 | D:10     | Noticed a two-headed ogre
 11672 | D:10     | Slain by a two-headed ogre

Illustrated notes

Levels and vault maps discovered:
D:1:      dreamdust_arrival_sigmund_warning, layout_loops_corners,
          dreamdust_ecumenical_altar_drowned_temple, serial_shops, shop,
          chequers_avenue, minmay_ruptured
D:2:      layout_loops_ring, nicolae_kite_square_tiling_tiny
D:3:      layout_loops_ring
D:4:      layout_rooms, uniq_ijyb, uniq_grinder
D:5:      minmay_polygon_palace, layout_basic, corexii_shack
D:6:      layout_basic, uniq_menkaure
D:7:      layout_loops_ring, minmay_temple_entry_waves, serial_park_tiny_2
D:8:      kennysheep_six_static_rooms, layout_layer_cave, enter_bailey_3,
          nicolae_shop_sticking_my_neck_out
D:9:      layout_gridville, mainiacjoe_overflow_chevrons,
          hellmonk_ghost_happy_afterlife, lightli_corner_chamber, uniq_maurice
D:10:     layout_loops_ring, special_room [special_room_bee], wad_mini_maze
Temple:   mainiacjoe_temple_circle_huts

Skill      XL: |  1  2  3  4  5  6  7  8  9 10 11 |
---------------+----------------------------------+-----
Fighting       | 2 3 4 5 |  5.0
Staves         | 4 5 7 11 | 11.5
Evocations     | 1 8 |  8.0
Spellcasting   | 2 3 4 |  4.7
Hexes          | 2 8 |  8.8
Necromancy     | 1 7 8 |  8.0
Translocations | 2 |  2.8
Throwing       | |  2.0
Dodging        | |  3.6

Action                     |  1- 3 |  4- 6 |  7- 9 | 10-12 || total
---------------------------+-------+-------+-------+-------++-------
  Melee: Quarterstaff      |   108 |   192 |   522 |   233 ||  1055
         Spear             |       |       |       |   116 ||   116
         Punch             |       |       |       |     2 ||     2
  Throw: Throwing net      |     1 |     9 |     6 |       ||    16
         Dart              |       |       |     3 |       ||     3
   Cast: Slow              |       |       |       |    16 ||    16
         Confusing Touch   |       |       |       |     5 ||     5
         Fugue of the Fall |       |       |       |     1 ||     1
 Invoke: Serpent's Lash    |       |       |     7 |     6 ||    13
Ability: Lunge             |     8 |    14 |    34 |    18 ||    74
         Whirlwind         |     2 |    17 |   104 |    62 ||   185
         Wall Jump         |       |     8 |    16 |     2 ||    26
  Evoke: Wand              |       |     2 |    10 |     5 ||    17
         Sack of spiders   |       |       |     1 |     2 ||     3
    Use: Scroll            |     7 |     6 |     4 |     7 ||    24
         Potion            |       |     3 |     3 |     4 ||    10
   Stab: Sleeping          |     4 |     3 |     1 |       ||     8
         Held in net/web   |       |     4 |     1 |       ||     5
         Invisible         |       |     3 |     4 |       ||     7
         Confused          |       |       |       |     1 ||     1
 Armour: Leather armour    |    57 |    87 |   159 |    18 ||   321
         Ring mail         |       |       |   104 |    66 ||   170
         Steam dragon scal |       |       |       |    68 ||    68
         Skin              |       |       |       |     2 ||     2
  Dodge: Dodged            |    42 |   117 |   250 |   132 ||   541
  Block: Other             |       |       |    92 |    44 ||   136
         Reflection        |       |       |     4 |     1 ||     5
